 Dungeon Crawl Stone Soup version 0.28.0 (webtiles) character file.

Game seed: 3385869821500486241

53 horus123 the Magician (level 3, -1/19 HPs)
             Began as a Deep Elf Conjurer on Feb 18, 2022.
             Killed from afar by a white imp (6 damage)
             ... with a puff of frost
             ... summoned by Natasha
             ... on level 2 of the Dungeon.
             The game lasted 00:01:43 (1258 turns).

horus123 the Magician (Deep Elf Conjurer)           Turns: 1258, Time: 00:01:43

Health: -1/19      AC:  3    Str:  4    XL:     3   Next: 62%
Magic:  1/12       EV: 12    Int: 24    God:
Gold:   41         SH:  0    Dex: 13    Spells: 10/13 levels left

rFire   . . .      SeeInvis .   f - +1 short sword
rCold   . . .      Faith    .   (no shield)
rNeg    . . .      Spirit   .   a - +0 robe
rPois   .          Reflect  .   (no helmet)
rElec   .          Harm     .   b - +0 cloak
rCorr   .          Rampage  .   (no gloves)
Will    .....                   (no boots)
Stlth   ++........              (no amulet)
HPRegen 0.06/turn               (no ring)
MPRegen 0.13/turn               (no ring)

@: no status effects
A: no striking features
a: no special abilities


You were on level 2 of the Dungeon.
You visited 1 branch of the dungeon, and saw 2 of its levels.

You collected 41 gold pieces.

Inventory:

Hand Weapons
 f - a +1 short sword (weapon)
Missiles
 g - 2 atropa-tipped darts
Armour
 a - a +0 robe (worn)
 b - a +0 cloak (worn)
Scrolls
 d - a scroll of identify {unknown}
 h - a scroll of fog {unknown}
Potions
 c - 2 potions of invisibility {unknown}
 e - a potion of brilliance {unknown}


   Skills:
 - Level 2.4 Dodging
 - Level 2.4 Stealth
 + Level 5.6 Spellcasting
 - Level 4.3 Conjurations


You had 10 spell levels left.
You knew the following spells:

 Your Spells              Type           Power      Damage    Failure   Level
a - Magic Dart            Conj           100%       1d8       1%          1
b - Searing Ray           Conj           54%        2d6       1%          2

Your spell library contained the following spells:

 Spells                   Type           Power      Damage    Failure   Level
 Dazzling Flash           Conj/Hex       34%        N/A       10%         3
 Fulminant Prism          Conj/Hex       8%         3d7       32%         4
 Iskenderun's Mystic Bla  Conj/Tloc      17%        2d5       32%         4


Dungeon Overview and Level Annotations

Branches:
Dungeon (2/15)

Altars:

Annotations:
D:2 Natasha


Message History

You start resting.
Natasha, Servant of Life and Death comes into view.
Natasha is nearby!
The magic dart hits Natasha!
Natasha is heavily wounded.
Natasha mumbles some strange words.
The magic dart hits the white imp but does no damage.
The white imp gestures at you. The puff of frost hits you!
The magic dart hits the white imp.
The white imp is lightly wounded.
The magic dart hits Natasha.
Natasha is severely wounded.
Casting: Magic Dart (safe; 1% risk of failure)
Confirm with . or Enter, or press ? or * to list all spells.
Aiming: Searing Ray (safe; 1% risk of failure)
Press: ? - help, Shift-Dir - straight line, f/p - Natasha
Aim: Natasha (severely wounded, 74% to hit)
The searing ray misses Natasha.
The searing ray hits the white imp.
The white imp is severely wounded. (Press . to maintain the ray.)
The white imp gestures at you. The puff of frost hits you!
* * * LOW HITPOINT WARNING * * *
The searing ray misses Natasha.
The searing ray hits the white imp.
The white imp is almost dead.
Natasha wildly gestures.
You feel troubled.
Casting: Searing Ray (safe; 1% risk of failure)
Confirm with . or Enter, or press ? or * to list all spells.
You don't have enough magic to cast this spell.
You hit Natasha.
Natasha is almost dead.
Natasha claws you but does no damage.
You closely miss Natasha.
Natasha is almost dead.
Natasha misses you. The white imp gestures at you. The puff of frost hits you.
You die...

.# #.....###.. ## ..#
#..#.....# ..# #.##
#.###.... #..# #..#
##......##
#...####..####....####
#..#............##
.....##..........#
#†.5..#####.#.#####
##@h......#.....)..
#####..#.####......####
###.....##.##
######.....
#...######..# ##....
#####.### ##.### #####
#.....# #...# # #.#####
###.# #.# #.# ## ##.#
#.#


You could see Natasha and a white imp (summoned).

Vanquished Creatures
  Natasha (D:2)
  A dart slug (D:2)
  2 ball pythons
  3 endoplasms
  3 goblins
  4 hobgoblins
  3 quokkas (D:1)
  2 bats
  2 kobolds
  4 rats
25 creatures vanquished.

Notes
Turn   | Place    | Note
-------+----------+-------------------------------------------
     0 | D:1      | horus123 the Deep Elf Conjurer began the quest for the Orb.
     0 | D:1      | Reached XP level 1. HP: 10/10 MP: 6/6
   302 | D:1      | Reached skill level 4 in Spellcasting
   302 | D:1      | Reached XP level 2. HP: 15/15 MP: 7/9
   456 | D:1      | Learned a level 2 spell: Searing Ray
   890 | D:1      | Found a faded altar of an unknown god.
  1204 | D:2      | Reached XP level 3. HP: 19/19 MP: 9/11
  1233 | D:2      | Noticed Natasha
  1238 | D:2      | Killed Natasha
  1239 | D:2      | Reached skill level 5 in Spellcasting
  1250 | D:2      | Noticed Natasha
  1258 | D:2      | Killed from afar by a white imp

Illustrated notes

Levels and vault maps discovered:
D:1:      minmay_arrival_diagonal_passages, layout_loops_cross,
          shapermc_ecumenical_altar_hornbeckon
D:2:      layout_rooms, minivault_5, uniq_natasha

Skill      XL: |  1  2  3 |
---------------+----------+-----
Spellcasting   | 4 5 |  5.6
Dodging        | |  2.4
Stealth        | |  2.4
Conjurations   | |  4.3

Action                   || total
-------------------------++-------
Melee: Short sword       ||     6
 Cast: Magic Dart        ||    46
       Searing Ray       ||     2
  Use: Scroll            ||     3
Armor: Robe              ||     1
Dodge: Dodged            ||     6
